 Seeded DCSS version 0.30.0-15-g856e2d3f33 (webtiles) character file.

Game seed: 12735965570273765983 (custom seed)

35156 Pimp the Skirmisher (level 13, -2/64 HPs)
             Began as a Deep Elf Hunter on May 19, 2023.
             Was a High Priest of Hepliaklqana.
             Slain by a culicivora (9 damage)
             ... on level 2 of the Lair of Beasts.
             The game lasted 00:50:59 (14340 turns).

Pimp the Skirmisher (Deep Elf Hunter)              Turns: 14340, Time: 00:51:01

Health: -2/64      AC: 18    Str: 11    XL:     13   Next: 46%
Magic:  0/32       EV: 16    Int: 21    God:    Hepliaklqana [*****.]
Gold:   1839       SH:  0    Dex: 22    Spells: 14/38 levels left

rFire   x . .        A - +6 great mace "Zabrocita" {flame, rPois rF- Str+3}
rCold   . . .        (shield currently unavailable)
rNeg    + + .        r - +1 acid dragon scales
rPois   +            n - +1 helmet
rElec   .            (no cloak)
rCorr   +            j - +2 pair of gloves
SInv    .            M - +2 pair of boots {Stlth+}
Will    +....        K - amulet of Yrazoxe {Spirit *Slow rN+ Int+5 Stlth+}
Stlth   ++++         d - ring of positive energy
HPRegen 0.30/turn    F - ring of wizardry
MPRegen 0.23/turn

%: slow self (1%), guardian spirit, wizardry (x1)
@: hasted, very quick
A: reduced essence
a: Renounce Religion, Recall Ancestor, Ancestor Identity, Transference, Idealise


You were on level 2 of the Lair of Beasts.
You worshipped Hepliaklqana.
Hepliaklqana was extremely pleased with you.
You visited 3 branches of the dungeon, and saw 18 of its levels.

You collected 2548 gold pieces.
You spent 709 gold pieces at shops.

Inventory:

Hand Weapons
 a - a +1 shortbow of freezing
 h - the +6 arbalest "Damnation" {damnation}
   (You acquired it on level 1 of the Dungeon)
 p - a +0 hand crossbow
 y - the +2 scimitar of Qeapla {drain, Drain rF++ Str+3 Stlth+}
   (You found it on level 5 of the Dungeon)

   Str:       It affects your strength (+3).
   rF:        It greatly protects you from fire.
   Drain:     It drains your maximum health when unequipped.
   Stlth:     It makes you more stealthy.
 A - the +6 great mace "Zabrocita" (weapon) {flame, rPois rF- Str+3}
   (You took it off an ogre on level 5 of the Dungeon)

   Str:       It affects your strength (+3).
   rF:        It makes you vulnerable to fire.
   rPois:     It protects you from poison.
 D - the +7 staff of the Meek {protect, meekguard}
   (You found it on level 8 of the Dungeon)
 S - the +5 mace of Severance {flame, rElec rCorr}
   (You found it on level 13 of the Dungeon)

   rElec:     It insulates you from electricity.
   rCorr:     It protects you from acid and corrosion.
Missiles
 L - a throwing net
Armour
 j - a +2 pair of gloves (worn)
 l - a +2 scale mail of fire resistance
 n - a +1 helmet (worn)
 r - +1 acid dragon scales (worn)
 u - a +2 robe of the Archmagi
 E - the +1 pair of boots of Qazlal's Approval {-Cast +Blink Fly Regen+}
   (You found it on level 9 of the Dungeon)

   Fly:       It grants you flight.
   +Blink:    It lets you blink.
   -Cast:     It prevents spellcasting.
   Regen:     It increases your rate of health regeneration.
 M - a +2 pair of boots of stealth (worn)
 Q - the +0 robe of Ahuluse {Will+}
   (You bought it in a shop on level 12 of the Dungeon)

   Will:      It increases your willpower.
Magical Staves
 O - the staff of poison "Bium" {Fly rPois rC+ Int-5 Dex+5}
   (You bought it in a shop on level 11 of the Dungeon)

   [staff of poison]

   Base accuracy: +5 Base damage: 5 Base attack delay: 1.2 This weapon's minimum
   attack delay (0.6) is reached at skill level 12.
   Int:       It affects your intelligence (-5).
   Dex:       It affects your dexterity (+5).
   rC:        It protects you from cold.
   rPois:     It protects you from poison.
   Fly:       It grants you flight.
   It falls into the 'Staves' category.
   It is a one-handed weapon.
Jewellery
 d - a ring of positive energy (left hand)
 e - an amulet of the acrobat
 F - a ring of wizardry (right hand)
 G - an amulet of magic regeneration
 K - the amulet of Yrazoxe (around neck) {Spirit *Slow rN+ Int+5 Stlth+}
   (You found it on level 9 of the Dungeon)

   [amulet of guardian spirit]

   It causes incoming damage to be divided between your reserves of health and
   magic.
   Int:       It affects your intelligence (+5).
   rN:        It protects you from negative energy.
   *Slow:     It may slow you when you take damage.
   Stlth:     It makes you more stealthy.
 P - an amulet of reflection
Wands
 k - a wand of iceblast (26)
 q - a wand of polymorph (6)
 t - a wand of paralysis (30)
 x - a wand of flame (37)
Scrolls
 b - 3 scrolls of immolation
 c - a scroll of brand weapon
 i - 3 scrolls of vulnerability
 m - 7 scrolls of teleportation
 J - 3 scrolls of enchant weapon
 N - 2 scrolls of fog
 R - 5 scrolls of magic mapping {unknown}
Potions
 f - 2 potions of invisibility {unknown}
 g - 2 potions of haste
 o - 2 potions of mutation {unknown}
 s - 6 potions of curing
 v - 4 potions of berserk rage
 w - 3 potions of lignification
 z - 4 potions of brilliance {unknown}
 B - 2 potions of heal wounds
 C - 4 potions of might {unknown}
 H - a potion of flight {unknown}
 I - 4 potions of attraction
 T - a potion of resistance {unknown}


   Skills:
 - Level 5.3 Fighting
 + Level 14.5 Ranged Weapons
 - Level 8.0 Armour
 - Level 7.1 Dodging
 - Level 2.5 Stealth
 + Level 13.2 Spellcasting
 * Level 10.3 Conjurations
 - Level 4.9 Translocations
 * Level 8.9 Fire Magic


You had 14 spell levels left.
You knew the following spells:

 Your Spells              Type           Power      Damage    Failure   Level
a - Gell's Gravitas       Tloc           34%        N/A       1%          3
b - Teleport Other        Tloc           34%        N/A       1%          3
c - Iskenderun's Mystic   Conj/Tloc      45%        2d10      1%          4
d - Fireball              Conj/Fire      26%        3d12      1%          5
e - Fire Storm            Conj/Fire      26%        8d7       100%        9

Your spell library contained the following spells:

 Spells                   Type           Power      Damage    Failure   Level
 Lesser Beckoning         Tloc           68%        N/A       1%          2
 Dazzling Flash           Conj/Hex       70%        N/A       1%          3
 Volatile Blastmotes      Fire/Tloc      86%        2d17      1%          3
 Iskenderun's Battlesphe  Conj           55%        2d11      1%          5
 Slow                     Hex            52%        N/A       2%          1
 Summon Small Mammal      Summ           52%        N/A       2%          1
 Passage of Golubria      Tloc           34%        N/A       3%          4
 Sublimation of Blood     Necr           13%        N/A       4%          2
 Wereblood                Tmut           13%        N/A       4%          2
 Call Canine Familiar     Summ           13%        N/A       9%          3
 Confusing Touch          Hex            13%        N/A       9%          3
 Summon Guardian Golem    Hex/Summ       13%        N/A       9%          3
 Vampiric Draining        Necr           13%        2d6       9%          3
 Starburst                Conj/Fire      26%        6d8       9%          6
 Freezing Cloud           Conj/Ice/Air   14%        6-21      17%         5
 Orb of Destruction       Conj           27%        9d9       32%         7
 Conjure Ball Lightning   Conj/Air       17%        3x3d6     43%         6
 Silence                  Hex/Air        6%         N/A       56%         5
 Simulacrum               Ice/Necr       6%         N/A       98%         6
 Summon Hydra             Summ           6%         N/A       100%        7
 Lehudib's Crystal Spear  Conj/Erth      17%        10d5      100%        8
 Chain Lightning          Conj/Air       17%        3d23      100%        9
 Polar Vortex             Ice            6%         N/A       100%        9
 Shatter                  Erth           6%         3d9*      100%        9


Dungeon Overview and Level Annotations

Branches:
Dungeon (14/15)            Temple (0/1) D:5            Lair (2/5) D:11
    Orc (2/2) D:9             Elf (0/3) Orc:2
  Swamp: Lair:2-3    Shoals: Lair:2-3     Snake: Lair:2-3    Spider: Lair:2-3
 Vaults: D:13-14

Altars:
Dithmenos
Elyvilon
Fedhas
Hepliaklqana
Kikubaaqudgha
Makhleb
Nemelex Xobeh
Qazlal
Uskayaw
Vehumet
Wu Jian
Yredelemnul
The Shining One

Shops:
D:11 *   D:12 *   Orc:2 (??[(

Portals:
Trove: D:11 (give +6 demon whip)


Message History

Confirm with . or Enter, or press ? or * to list all spells.
You erupt in a blast of force!
The mystic blast hits the culicivora!
The culicivora is severely wounded.
The culicivora is knocked back by the mystic blast.
Unknown command.
Fire: h) +6 arbalest "Damnation" {damnation}
Press: ? - help, Q - select action, (/) - cycle Shift-Dir - straight line, f/p - culicivora
Aim: a culicivora (severely wounded, 58% to hit)
You shoot a damnation bolt.
The damnation bolt closely misses the culicivora.
The bullfrog hits you but does no damage.
The culicivora closely misses you.
Casting: Iskenderun's Mystic Blast (dangerous; 1% risk of failure)
Confirm with . or Enter, or press ? or * to list all spells.
You erupt in a blast of force!
The mystic blast hits the culicivora.
The culicivora is severely wounded.
The culicivora is knocked back by the mystic blast.
The culicivora collides with the culicivora!
The culicivora is lightly wounded.
The culicivora is almost dead.
The mystic blast hits the bullfrog.
The bullfrog is moderately wounded.
The bullfrog is knocked back by the mystic blast.
You hear a faint skittering sound.
Okay, then.
You feel yourself speed up.
The culicivora is healed somewhat.
The culicivora's wounds heal themselves!
You feel stronger.
The +6 great mace "Zabrocita" {flame, rPois rF- Str+3} bursts into flame!
A - the +6 great mace "Zabrocita" (weapon)
{flame, rPois rF- Str+3} The culicivora bites you!
The culicivora draws strength from your injuries!
You miss the culicivora.
The culicivora is severely wounded.
The culicivora bites you!
* * * LOW HITPOINT WARNING * * *
The culicivora draws strength from your injuries!
The bullfrog closely misses you. The culicivora completely misses you.
The culicivora bites you!
You die...

#....P.P..P ......
#.......###.....#####.
##.......#.............
#.......................
#.....................#
#.<....................
#...................#..
#............F.......#
##...........@s..†...#
#............s..#...
###........♣...##
#........~~♣.#
#...♣..~.~.~~♣
#..♣~~~.~.~...
#.♣.~~.~.~.~..~
..♣.~.~~~...~.~.
.~.~~~~....~.~.


You could see 2 culicivoras and a bullfrog.

Vanquished Creatures
  A rakshasa (D:13)
  3 centaur warriors (D:13)
  2 boulder beetles (D:11)
  2 two-headed ogres (D:10)
  2 orc high priests (Orc:2)
  Nergalle (D:11)
  2 skeletal warriors (D:13)
  The ghost of booth the Conjurer, a novice DsRe (D:5)
  An orc knight (Orc:2)
  4 orc sorcerers
  An ugly thing (D:12)
  2 manticores
  A cyclops (D:9)
  A black mamba (Lair:1)
  A cane toad (Lair:1)
  Maggie (D:7)
  2 komodo dragons
  2 unseen horrors
  A rime drake (Lair:1)
  A troll (D:11)
  A hornet (D:7)
  2 slime creatures
  A shadow (D:12)
  A vampire (D:12)
  2 culicivoras (Lair:2)
  Eustachio (D:6)
  9 yaks
  4 wyverns
  7 vampire mosquitoes
  Edmund (D:6)
  5 water moccasins
  5 wargs (Orc:2)
  4 acid dragons
  24 orc warriors
  An ice beast (D:7)
  A sky beast (D:7)
  5 black bears
  2 ogres
  4 wolves
  A phantom (D:5)
  4 bullfrogs
  A gnoll sergeant (D:9)
  5 scorpions
  7 wights
  3 killer bees
  2 howler monkeys
  A jelly (D:6)
  19 orc priests
  6 hounds
  A gnoll bouda (D:5)
  3 sleepcaps
  Jessica (D:3)
  Terence (D:2)
  An iguana (D:6)
  22 orc wizards
  7 adders
  17 gnolls
  A shadow imp (D:7)
  A white imp (D:6)
  2 ufetubi (D:6)
  A worm (D:2)
  A dart slug (D:3)
  73 orcs
  8 ball pythons
  6 bats
  4 endoplasms
  2 giant cockroaches
  8 goblins
  6 hobgoblins
  7 jackals
  10 kobolds
  7 quokkas
  4 frilled lizards
  5 rats
360 creatures vanquished.

Vanquished Creatures (collateral kills)
  A hydra (D:12)
  The ghost of AverageBear the Nimble, a journeyman OpFi of Gozag (Orc:2)
  An orc high priest (Orc:2)
  A skeletal warrior (D:12)
  3 orc knights (Orc:2)
  2 orc sorcerers
  An unseen horror (D:12)
  A freezing wraith (D:13)
  A komodo dragon (Lair:1)
  4 trolls
  5 slime creatures
  A culicivora (Lair:2)
  A shadow (D:9)
  2 wyverns
  3 yaks
  A basilisk (D:13)
  3 water moccasins
  3 orc warriors
  An ogre (Orc:1)
  4 wolves
  A kobold brigand (D:10)
  4 bullfrogs
  A gnoll sergeant (D:9)
  6 killer bees
  2 orc priests
  A sleepcap (D:7)
  2 orc wizards
  14 orcs
  A goblin (Orc:2)
  A kobold (D:10)
  A bat (D:6)
74 creatures vanquished.

Vanquished Creatures (others)
  An orc warrior (Orc:2)
  8 battlemagi
  An orc wizard (Orc:2)
  2 ancestors
12 creatures vanquished.

Grand Total: 446 creatures vanquished

Notes
Turn   | Place    | Note
-------+----------+-------------------------------------------
     0 | D:1      | Pimp the Deep Elf Hunter began the quest for the Orb.
     0 | D:1      | Reached XP level 1. HP: 12/12 MP: 3/3
    61 | D:1      | Reached XP level 2. HP: 17/17 MP: 4/4
   434 | D:1      | Reached XP level 3. HP: 21/21 MP: 5/5
   622 | D:1      | Identified 2 scrolls of acquirement
   622 | D:1      | Acquired the +6 arbalest "Damnation" {damnation}
   622 | D:1      | Found the +6 arbalest "Damnation" {damnation}
   624 | D:1      | Acquired 705 gold pieces
  1203 | D:2      | Found a stormy altar of Qazlal.
  1207 | D:2      | Reached XP level 4. HP: 26/26 MP: 6/6
  1207 | D:2      | Noticed Terence
  1210 | D:2      | Killed Terence
  1211 | D:2      | Reached skill level 6 in Ranged Weapons
  1484 | D:2      | Reached skill level 1 in Spellcasting
  2001 | D:3      | Reached XP level 5. HP: 23/31 MP: 9/9
  2246 | D:3      | Noticed Jessica
  2247 | D:3      | Killed Jessica
  2724 | D:4      | Found a shadowy altar of Dithmenos.
  2790 | D:4      | Found a radiant altar of Vehumet.
  2851 | D:4      | Found a blossoming altar of Fedhas.
  3025 | D:4      | Found a basalt altar of Yredelemnul.
  3153 | D:4      | Found a hazy altar of Hepliaklqana.
  3291 | D:4      | Became a worshipper of Hepliaklqana the Forgotten
  3318 | D:5      | Entered Level 5 of the Dungeon
  3427 | D:5      | Found an ornate altar of the Wu Jian Council.
  3462 | D:5      | Found a hide-covered altar of Uskayaw.
  3473 | D:5      | Reached XP level 6. HP: 36/36 MP: 10/12
  3551 | D:5      | Found a staircase to the Ecumenical Temple.
  3577 | D:5      | Reached skill level 7 in Ranged Weapons
  3712 | D:5      | Identified the +2 scimitar of Qeapla {drain, Drain rF++
                  | Str+3 Stlth+}
  3791 | D:5      | Found a transporter.
  3793 | D:5      | Reached * piety under Hepliaklqana
  3806 | D:5      | Identified the +6 great mace "Zabrocita" {flame, rPois rF-
                  | Str+3}
  3806 | D:5      | Noticed booth's ghost (novice DsRe)
  3823 | D:5      | Found a transporter.
  3834 | D:5      | Reached skill level 5 in Dodging
  3834 | D:5      | Reached XP level 7. HP: 36/36 MP: 14/14
  3835 | D:5      | Killed booth's ghost
  3836 | D:5      | Reached skill level 8 in Ranged Weapons
  3836 | D:5      | Reached skill level 5 in Spellcasting
  4243 | D:6      | Noticed Eustachio
  4339 | D:6      | Reached XP level 8. HP: 43/43 MP: 17/17
  4370 | D:6      | Killed Eustachio
  4465 | D:6      | Reached skill level 9 in Ranged Weapons
  4588 | D:6      | Noticed Edmund
  4592 | D:6      | Killed Edmund
  4812 | D:6      | Reached skill level 1 in Armour
  5031 | D:6      | Reached XP level 9. HP: 47/47 MP: 21/21
  5849 | D:7      | Reached ** piety under Hepliaklqana
  5849 | D:7      | Noticed Maggie
  5851 | D:7      | Killed Maggie
  5852 | D:7      | Reached skill level 10 in Ranged Weapons
  5934 | D:7      | Remembered your ancestor Caesarion as a battlemage
  5968 | D:7      | Found a white marble altar of Elyvilon.
  6554 | D:8      | Reached skill level 5 in Armour
  6648 | D:8      | Reached XP level 10. HP: 52/52 MP: 25/25
  6827 | D:8      | Found a sparkling altar of Nemelex Xobeh.
  6940 | D:8      | Reached skill level 11 in Ranged Weapons
  6953 | D:8      | Found the +7 staff of the Meek {protect, meekguard}
  7094 | D:8      | Learned a level 3 spell: Gell's Gravitas
  7098 | D:8      | Learned a level 3 spell: Teleport Other
  7103 | D:8      | Learned a level 4 spell: Iskenderun's Mystic Blast
  7192 | D:9      | Identified the +1 pair of boots of Qazlal's Approval {-Cast
                  | +Blink Fly Regen+}
  7250 | D:9      | Reached skill level 1 in Translocations
  7254 | D:9      | Reached skill level 1 in Conjurations
  7269 | D:9      | Found a glowing golden altar of the Shining One.
  7291 | D:9      | Noticed a cyclops
  7293 | D:9      | Killed a cyclops
  7394 | D:9      | Reached skill level 10 in Spellcasting
  7485 | D:9      | Reached *** piety under Hepliaklqana
  7600 | D:9      | Found an ancient bone altar of Kikubaaqudgha.
  7605 | D:9      | Identified the amulet of Yrazoxe {Spirit *Slow rN+ Int+5
                  | Stlth+}
  7723 | D:9      | Found a staircase to the Orcish Mines.
  7800 | D:10     | Entered Level 10 of the Dungeon
  7816 | D:10     | Noticed a two-headed ogre
  7819 | D:10     | Killed a two-headed ogre
  7827 | D:10     | Reached XP level 11. HP: 55/55 MP: 27/27
  7872 | D:10     | Noticed a two-headed ogre
  7874 | D:10     | Killed a two-headed ogre
  7875 | D:10     | Reached skill level 12 in Ranged Weapons
  8445 | D:11     | Reached **** piety under Hepliaklqana
  8508 | D:11     | Found a staircase to the Lair.
  8561 | D:11     | Got the Catalogue of Cold
  8595 | D:11     | Noticed a boulder beetle
  8600 | D:11     | Killed a boulder beetle
  8636 | D:11     | Found a portal to a secret trove of treasure.
  8801 | D:11     | Noticed a boulder beetle
  8817 | D:11     | Killed a boulder beetle
  8982 | D:11     | Noticed Nergalle
  8986 | D:11     | Killed Nergalle
  9081 | D:11     | Found Notzoick's Assorted Antiques.
  9090 | D:11     | Bought a slimy staff for 360 gold pieces
  9090 | D:11     | Identified the staff of poison "Bium" {Fly rPois rC+ Int-5
                  | Dex+5} (You bought it in a shop on level 11 of the Dungeon)
  9110 | D:11     | Reached skill level 5 in Conjurations
  9133 | D:11     | Learned a level 5 spell: Fireball
  9282 | D:12     | Found Gaclimy's Assorted Antiques.
  9292 | D:12     | Bought an opalescent robe for 125 gold pieces
  9292 | D:12     | Identified the +0 robe of Ahuluse {Will+} (You bought it in
                  | a shop on level 12 of the Dungeon)
  9311 | D:12     | Noticed a six-headed hydra
  9312 | D:12     | Reached skill level 1 in Fire Magic
  9325 | D:12     | Reached skill level 5 in Fighting
  9520 | D:12     | Noticed a red ugly thing
  9523 | D:12     | Killed a red ugly thing
  9560 | D:12     | Reached XP level 12. HP: 61/61 MP: 29/29
  9562 | D:12     | Reached skill level 13 in Ranged Weapons
  9643 | D:12     | Killed a six-headed hydra
  9957 | D:13     | Noticed a centaur warrior
 10143 | D:13     | Noticed a rakshasa
 10156 | D:13     | Killed a rakshasa
 10287 | D:13     | Killed a centaur warrior
 10302 | D:13     | Reached skill level 5 in Fire Magic
 10520 | D:13     | Noticed a centaur warrior
 10525 | D:13     | Noticed a centaur warrior
 10526 | D:13     | Killed a centaur warrior
 10530 | D:13     | Killed a centaur warrior
 10728 | D:13     | Identified the +5 mace of Severance {flame, rElec rCorr}
 11588 | Orc:1    | Entered Level 1 of the Orcish Mines
 11823 | Orc:2    | Entered Level 2 of the Orcish Mines
 12317 | Orc:2    | Found a runed translucent gate.
 12323 | Orc:2    | Found a runed translucent gate.
 12323 | Orc:2    | Found a runed translucent gate.
 12396 | Orc:2    | Found a burning altar of Makhleb.
 12456 | Orc:2    | Learned a level 9 spell: Fire Storm
 12468 | Orc:2    | Reached ***** piety under Hepliaklqana
 12549 | Orc:2    | Found Gaysuqaka's Antique Weapon Emporium.
 12712 | Orc:2    | Found a staircase to the Elven Halls.
 12764 | Orc:2    | Noticed AverageBear's ghost (journeyman OpFi)
 12812 | Orc:2    | Reached skill level 14 in Ranged Weapons
 12815 | Orc:2    | Reached XP level 13. HP: 64/64 MP: 31/31
 13083 | Orc:2    | Found Zumy's Antique Weapon Emporium.
 13083 | Orc:2    | Found Peifyora's Magic Scroll Boutique.
 13163 | Orc:2    | Found Cuqocuf's Magic Scroll Boutique.
 13163 | Orc:2    | Found Muarerph's Antique Armour Emporium.
 13171 | Orc:2    | Bought a scroll of enchant weapon for 112 gold pieces
 13171 | Orc:2    | Bought a scroll of enchant weapon for 112 gold pieces
 13248 | Orc:2    | Killed AverageBear's ghost
 13390 | Lair:1   | Entered Level 1 of the Lair of Beasts
 13633 | Lair:1   | Reached skill level 10 in Conjurations
 14340 | Lair:2   | Slain by a culicivora

Illustrated notes

Levels and vault maps discovered:
D:1:      dpeg_arrival_long_road, layout_loops_cross, hex_tiny
D:2:      minmay_evil_eye, layout_basic, basic_altar, minmay_ruptured,
          uniq_terence
D:3:      layout_loops_ring, minmay_surrounded, uniq_jessica
D:4:      layout_cave_pools, mainiacjoe_overflow_brackets,
          mainiacjoe_overflow_24_doors, mainiacjoe_overflow_catwalk, minitemple
D:5:      layout_basic, eat_drink_and_be_merry_uskayaw, kennysheep_little_box,
          minmay_temple_entry_glassed_door, gammafunk_ghost_smash, minivault_25
D:6:      old_forge, layout_loops_corners, uniq_edmund, uniq_eustachio
D:7:      minmay_angry_zag, layout_loops_ring, mainiacjoe_overflow_alcove_2,
          uniq_maggie
D:8:      layout_basic, nemelex_diamond_rough_becter, pf_guarded_unrand_meek
D:9:      layout_basic, tso_altar, old_standard_altar, erik_orc_2
D:10:     hellmonk_crumbling_castle, layout_irregular_city
D:11:     layout_loops_ring, minmay_lair_entry_grove, enter_trove_0,
          serial_shops, shop, nzn_sisyphean_effort, uniq_nergalle
D:12:     layout_rooms, serial_shops, shop
D:13:     layout_basic
D:14:     layout_basic, david_vaults_5, minmay_misc_feat_tiny,
          kennysheep_doodads, hangedman_decor_clover_reticule
Lair:1:   layout_cave_pods
Lair:2:   layout_gridlike, hellmonk_spider_entry_life_and_decay,
          nicolae_quartered_pool_medium, chequers_serial_rivers_micro_a,
          dreamdust_mushroom_princess,
          hellmonk_guarded_unrand_seven_league_boots
Orc:1:    layout_caves
Orc:2:    grunt_orc_tribal_feast, layout_caves, basic_altar,
          ebering_ghost_rock_garden, serial_shops, shop, mines5_lemuel

Skill      XL: |  1  2  3  4  5  6  7  8  9 10 11 12 13 |
---------------+----------------------------------------+-----
Stealth        | 2 |  2.5
Dodging        | 3 4 5 6 7 |  7.1
Fighting       | 2 3 4 5 |  5.3
Ranged Weapons | 6 7 8 9 10 11 12 14 | 14.5
Spellcasting   | 1 2 3 5 7 9 10 11 12 13 | 13.2
Armour         | 1 5 6 8 |  8.0
Translocations | 3 4 |  4.9
Conjurations   | 3 6 9 10 | 10.3
Fire Magic     | 3 7 8 |  8.9

Action                     |  1- 3 |  4- 6 |  7- 9 | 10-12 | 13-15 || total
---------------------------+-------+-------+-------+-------+-------++-------
  Melee: Great mace        |       |       |     2 |    29 |     8 ||    39
   Fire: Shortbow          |    49 |     6 |       |       |       ||    55
         Arbalest          |    19 |    64 |   103 |   242 |    61 ||   489
   Cast: Teleport Other    |       |       |       |     2 |       ||     2
         Iskenderun's Myst |       |       |       |     1 |     5 ||     6
         Fireball          |       |       |       |     1 |       ||     1
 Invoke: Ancestor Life: Ba |       |       |     1 |       |       ||     1
         Idealise          |       |       |       |       |     1 ||     1
    Use: Scroll            |     2 |     4 |     8 |    14 |       ||    28
         Potion            |       |     1 |     1 |     2 |     1 ||     5
   Stab: Distracted        |       |       |       |     1 |       ||     1
 Armour: Leather armour    |     4 |     9 |       |       |       ||    13
         Scale mail        |       |       |    10 |    49 |       ||    59
         Acid dragon scale |       |       |       |     1 |     8 ||     9
  Dodge: Dodged            |     9 |    11 |    15 |    49 |    15 ||    99
